Map: Tours du crépuscule

Players

zidar - Winner!

  • Race: Zerg Zerg
  • League: Gold
  • Spawn Location: 7:00

bill

  • Race: Protoss Protoss
  • League: Gold
  • Spawn Location: 1:00

VOD

Have the link to the VOD?

Description

Time

  • Played on: June 11, 2016, 6:03 a.m.
  • Length: 7:42
Show
View Real Time Build Order
Export as new Build Order

zidar Zerg - Winner!

Build Orders: Pool First 

Get SALT Encoding   

  12  0:02  Drone  
  13  0:12  Overlord  
  13  0:17  Drone  
  14  0:30  Drone x2  
  14  0:34  Drone  
  17  0:50  Spawning Pool, Drone  
  17  1:16  Hatchery  
  16  1:18  Drone  
  16  1:23  Drone  
  16  1:24  Extractor  
  17  1:32  Drone  
  18  1:34  Overlord  
  18  1:45  Queen  
  20  1:54  Drone  
  21  1:59  Drone  
  22  2:10  Drone  
  22  2:13  Zergling x2  
  24  2:27  Queen  
  26  2:44  Hatchery  
  26  2:47  Metabolic Boost  
  25  2:58  Roach Warren  
  24  3:03  Queen  
  26  3:14  Zergling x6  
  26  3:15  Zergling x2  
  29  3:31  Pneumatized Carapace  
  29  3:33  Drone x3  
  32  3:41  Drone  
  33  3:51  Extractor  
  32  4:12  Drone x2  
  32  4:13  Overlord x3  
  34  4:52  Roach x3  
  48  4:53  Roach x6  
  52  5:03  Queen  
  54  5:08  Drone x2  
  54  5:10  Drone  
  57  5:16  Overlord  
  57  5:25  Ravager  
  58  5:36  Drone x6  
  64  5:58  Overlord x3  
  64  6:02  Ravager  
  64  6:03  Ravager  
  66  6:27  Roach x8  
  66  6:28  Zergling x10  
Show
View Real Time Build Order
Export as new Build Order

bill Protoss 

Build Orders:  

Get SALT Encoding   

  12  0:01  Probe (Chrono Boost)  
  13  0:16  Pylon  
  13  0:18  Probe (Chrono Boost)  
  14  0:29  Probe (Chrono Boost)  
  15  0:39  Probe (Chrono Boost)  
  15  0:42  Gateway  
  17  0:50  Probe (Chrono Boost)  
  17  0:51  Assimilator  
  17  1:00  Probe (Chrono Boost)  
  18  1:15  Probe (Chrono Boost)  
  19  1:26  Probe (Chrono Boost)  
  19  1:31  Zealot (Chrono Boost)  
  22  1:33  Cybernetics Core  
  22  1:50  Nexus  
  23  2:01  Probe, Assimilator  
  23  2:10  Warp Gate (Chrono Boost)  
  23  2:22  Pylon  
  23  2:40  Probe, Adept (Chrono Boost)  
  23  2:42  Robotics Facility  
  26  2:49  Forge  
  26  2:52  Probe  
  27  3:04  Probe  
  28  3:08  Gateway  
  28  3:09  Mothership Core  
  30  3:16  Probe  
  31  3:31  Observer (Chrono Boost)  
  32  3:37  Adept  
  34  3:43  Protoss Ground Weapons Level 1 (Chrono Boost)  
  34  4:07  Immortal (Chrono Boost)  
  38  4:10  Probe  
  38  4:11  Probe  
  40  4:20  Adept x2  
  40  4:23  Probe  
  45  4:36  Gateway  
  45  4:38  Gateway  
  45  4:41  Pylon  
  45  4:59  Probe, Immortal (Chrono Boost)  
  49  5:00  Probe  
  49  5:01  Pylon  
  49  5:04  Assimilator  
  51  5:12  Probe  
  52  5:14  Stalker  
  54  5:34  Stalker x3  
  60  5:37  Protoss Ground Armor Level 1 (Chrono Boost)  
  60  5:59  Pylon  
  60  6:03  Pylon  
  60  6:17  Immortal  
  64  6:21  Pylon  
  64  6:40  Stalker x4  
  72  6:47  Pylon  
  72  6:56  Immortal  
  60  7:10  Stalker x4  
Tags
 
Add a new tag
Caveats
  • Supply blocks, unpowered buildings, or Contaminate may cause inaccurate times.
  • Supply counts are checked every 10 seconds.